 Dungeon Crawl Stone Soup version 0.28.0-47-ge53b351184 (webtiles) character file.

Game seed: 3692007487626085070

28063 pkoi the Martial Artist (level 12, -7/100 HPs)
             Began as a Demigod Gladiator on May 1, 2022.
             Killed from afar by Fannar (20 damage)
             ... with a bolt of cold
             ... on level 2 of the Lair of Beasts.
             The game lasted 00:34:32 (20892 turns).

pkoi the Martial Artist (Demigod Gladiator)        Turns: 20892, Time: 00:34:33

Health: -7/100     AC:  8    Str: 19    XL:     12   Next: 73%
Magic:  15/24      EV: 13    Int: 18    God:
Gold:   915        SH:  0    Dex: 19    Spells: 8/22 levels left

rFire   . . .      SeeInvis .   D - +2 whip (venom)
rCold   . . .      Faith    .   (no shield)
rNeg    . . .      Spirit   .   w - +0 robe {Will+}
rPois   +          Reflect  .   j - +0 helmet
rElec   .          Harm     .   v - +0 cloak
rCorr   .          Rampage  .   e - +1 pair of gloves
Will    ++...                   n - +0 pair of boots
Stlth   ++++......              f - amulet of magic regeneration
HPRegen 0.26/turn               p - ring of poison resistance
MPRegen 0.59/turn               (no ring)

@: very slightly contaminated, studying Stealth, unable to read
A: high MP 1, forlorn, divine attributes, wild magic 1, inability to read while
threatened, noise suppression
a: no special abilities


You were on level 2 of the Lair of Beasts.
You visited 2 branches of the dungeon, and saw 11 of its levels.
You also visited: Sewer and Bailey.

You collected 915 gold pieces.

Inventory:

Hand Weapons
 b - a +5 longbow
 d - the +7 flail of the Desert {venom, rPois rC+}
   (You found it in a bailey)

   It poisons the flesh of those it strikes.
   rC:        It protects you from cold.
   rPois:     It protects you from poison.
 m - a +1 dagger of venom
 q - a +0 spectral quarterstaff
 D - a +2 whip of venom (weapon)
Missiles
 c - 6 throwing nets (quivered)
 r - 2 boomerangs of dispersal
 x - 44 poisoned darts
 B - a curare-tipped dart
 C - 64 arrows
Armour
 a - a +0 leather armour
 e - a +1 pair of gloves (worn)
 i - +0 acid dragon scales
 j - a +0 helmet (worn)
 n - a +0 pair of boots (worn)
 v - a +0 cloak (worn)
 w - a +0 robe of willpower (worn)
Jewellery
 f - an amulet of magic regeneration (around neck)
 p - a ring of poison resistance (left hand)
Wands
 h - a wand of iceblast (8)
Scrolls
 g - 2 scrolls of teleportation
 k - a scroll of enchant armour
 l - a scroll of enchant weapon
 o - a scroll of amnesia
 t - 4 scrolls of identify
 y - a scroll of fog
 A - a scroll of magic mapping
 F - a scroll of acquirement
Potions
 s - a potion of curing
 u - a potion of attraction
 z - 2 potions of flight


   Skills:
 - Level 7.0 Fighting
 * Level 7.0 Bows
 - Level 1.7 Throwing
 + Level 5.7 Armour
 - Level 3.0 Dodging
 + Level 6.7 Stealth
 * Level 9.3 Unarmed Combat
 + Level 5.7 Spellcasting
 + Level 6.1 Conjurations
 + Level 6.2 Hexes
 + Level 6.2 Translocations
 + Level 0.4 Transmutations
 + Level 0.5 Fire Magic
 + Level 0.6 Poison Magic


You had 8 spell levels left.
You knew the following spells:

 Your Spells              Type           Power      Damage    Failure   Level
a - Portal Projectile     Hex/Tloc       72%        N/A       4%          3
b - Iskenderun's Mystic   Conj/Tloc      35%        2d8       14%         4
c - Fulminant Prism       Conj/Hex       17%        3d11      14%         4
d - Ignite Poison         Fire/Tmut/Pois 9%         N/A       38%         3

Your spell library contained the following spells:

 Spells                   Type           Power      Damage    Failure   Level
 Tukima's Dance           Hex            36%        N/A       4%          3
 Ensorcelled Hibernation  Hex/Ice        42%        N/A       9%          2
 Conjure Flame            Conj/Fire      22%        6-21      14%         3
 Passage of Golubria      Tloc           35%        N/A       14%         4
 Stone Arrow              Conj/Erth      42%        3d9       16%         3
 Sandblast                Erth           12%        2d6       17%         1
 Passwall                 Tmut/Erth      5%         N/A       24%         2
 Spider Form              Tmut/Pois      9%         N/A       38%         3
 Sticky Flame             Conj/Fire      22%        2d4       38%         4
 Anguish                  Hex/Necr       10%        N/A       43%         4
 Leda's Liquefaction      Hex/Erth       10%        N/A       43%         4
 Call Canine Familiar     Summ           6%         N/A       45%         3
 Irradiate                Conj/Tmut      11%        3d17      73%         5
 Yara's Violent Unravell  Hex/Tmut       11%        3d6       73%         5
 Blade Hands              Tmut           4%         N/A       98%         5
 Lee's Rapid Deconstruct  Erth           3%         3d6*      99%         5
 Dragon Form              Tmut           4%         N/A       100%        7


Dungeon Overview and Level Annotations

Branches:
Dungeon (9/15)             Temple (0/1) D:5            Lair (2/6) D:8
    Orc (0/2) D:9           Sewer (visited)          Bailey (visited)
  Swamp: Lair:2-4    Shoals: Lair:2-4     Snake: Lair:2-4    Spider: Lair:2-4

Annotations:
D:4 3 runed translucent doors, NinjaNoafa's ghost, amateur DrBe
Lair:2 Fannar; Harold


Innate Abilities, Weirdness & Mutations

You have an increased reservoir of magic. (+10% MP)
You shall have no god before yourself.
Your divine heritage dramatically boosts your attributes as you level up.
Your spells are a little harder to cast, but a little more powerful.
You sometimes lose the ability to read scrolls when taking damage.
You passively dampen the noise of your surroundings.


Message History

Fannar hits you with a staff of cold.
* * * LOW HITPOINT WARNING * * *
Fannar freezes you.
* * * LOW HITPOINT WARNING * * *
Fannar hits you but does no damage. Fannar freezes you!
* * * LOW HITPOINT WARNING * * *
Okay, then.
Unknown command.
Casting: Fulminant Prism (dangerous; 14% risk of failure)
Confirm with . or Enter, or press ? or * to list all spells.
You ignite the poison in your surroundings!
Fannar seems to burn from within!!
Fannar is heavily wounded.
Fannar hits you with a staff of cold.
* * * LOW HITPOINT WARNING * * *
Fannar freezes you!
* * * LOW HITPOINT WARNING * * *
You hit Fannar.
Fannar is poisoned.
Fannar is heavily wounded.
Fannar hits you but does no damage. Fannar freezes you!
* * * LOW HITPOINT WARNING * * *
Casting: Ignite Poison (dangerous; 38% risk of failure)
Confirm with . or Enter, or press ? or * to list all spells.
You miscast Ignite Poison.
You are very lightly contaminated with residual magic.
You are caught in a fiery explosion!
* * * LOW HITPOINT WARNING * * *
Fannar gestures wildly while chanting.
Casting: Ignite Poison (dangerous; 38% risk of failure)
Confirm with . or Enter, or press ? or * to list all spells.
You miscast Ignite Poison.
Nothing appears to happen.
Fannar casts a spell.
The ice beast barely misses you.
Unknown command.
Casting: Ignite Poison (dangerous; 38% risk of failure)
Confirm with . or Enter, or press ? or * to list all spells.
You miscast Ignite Poison.
Nothing appears to happen.
Fannar points at you and mumbles some strange words.
The bolt of cold hits you!!
You die...

.............#.......##
.............#.......#
................#.#.#.#
...............+...####
..............#...##
.............#....#
............#....####
...........#........
....#.P...Y@e......
.....[...#........
..P.....#...Y....
..#..............
.................
............###..
###.###...... . ..
..P...^.


You could see Fannar (very poisoned) and 2 ice beasts.

Vanquished Creatures
  A black mamba (Lair:1)
  Joseph (D:8)
  Maggie (D:7)
  2 cane toads (Lair:1)
  4 blink frogs (Lair:2)
  A shadow (D:5)
  5 wyverns
  13 yaks
  2 basilisks (D:8)
  Grum (D:8)
  Menkaure (D:4)
  10 water moccasins
  Duvessa (D:7)
  4 orc warriors
  A hornet zombie (D:7)
  A black bear (Lair:2)
  4 ogres
  10 wolves
  2 centaurs (D:8)
  9 kobold brigands
  5 bullfrogs
  8 gnoll sergeants
  3 scorpions
  Dowan (D:7)
  2 water moccasin skeletons
  A killer bee (D:5)
  6 wights
  3 bullfrog zombies
  4 hounds
  2 jellies (D:5)
  Crazy Yiuf (D:7)
  6 gnoll shamans
  3 orc priests
  2 iguanas
  5 orc wizards
  3 killer bee zombies
  7 adders
  28 gnolls
  A howler monkey skeleton (D:5)
  4 river rats (Sewer)
  2 shadow imps
  3 white imps
  2 worms
  2 dart slugs (D:3)
  21 orcs
  2 bats
  5 endoplasms
  11 giant cockroaches
  A goblin (D:2)
  11 hobgoblins
  3 jackals (D:3)
  16 kobolds
  8 quokkas
  6 ball pythons
  A frilled lizard (D:3)
  8 rats
271 creatures vanquished.

Vanquished Creatures (others)
  14 fulminant prisms
  A fungus (D:8)
  22 plants
37 creatures vanquished.

Grand Total: 308 creatures vanquished

Notes
Turn   | Place    | Note
-------+----------+-------------------------------------------
     0 | D:1      | pkoi the Demigod Gladiator began the quest for the Orb.
     0 | D:1      | Reached XP level 1. HP: 17/17 MP: 3/3
   138 | D:1      | Reached skill level 3 in Unarmed Combat
   629 | D:1      | Reached XP level 2. HP: 11/24 MP: 4/4
  1808 | D:2      | Reached XP level 3. HP: 29/29 MP: 5/5
  2796 | D:3      | Reached skill level 4 in Unarmed Combat
  2958 | D:3      | Reached skill level 1 in Bows
  3352 | D:2      | Reached skill level 1 in Armour
  3352 | D:2      | Reached XP level 4. HP: 27/36 MP: 6/6
  4082 | D:3      | Reached XP level 5. HP: 22/42 MP: 7/7
  4344 | D:4      | Found a glowing drain.
  4355 | Sewer    | Entered a sewer
  4819 | Sewer    | Reached XP level 6. HP: 37/50 MP: 8/8
  5392 | Sewer    | Reached skill level 5 in Unarmed Combat
  6376 | Sewer    | Reached XP level 7. HP: 33/57 MP: 9/9
  6838 | D:4      | Noticed Menkaure
  6964 | D:4      | Killed Menkaure
  6965 | D:4      | Reached skill level 6 in Unarmed Combat
  8081 | D:4      | Found a runed translucent gate.
  8081 | D:4      | Found a runed translucent gate.
  8081 | D:4      | Found a runed translucent gate.
  8085 | D:4      | Noticed NinjaNoafa's ghost (amateur DrBe)
  8143 | D:5      | Entered Level 5 of the Dungeon
  8250 | D:4      | Reached XP level 8. HP: 37/66 MP: 10/10
  8601 | D:5      | Reached skill level 7 in Unarmed Combat
  8710 | D:5      | Reached skill level 1 in Stealth
  8729 | D:5      | Found a staircase to the Ecumenical Temple.
  8809 | D:5      | Identified the +5 kite shield "Ufysch" {rN++ rCorr Str-4}
  9088 | D:5      | Identified a scroll of acquirement
  9187 | D:5      | Learned a level 3 spell: Portal Projectile
  9885 | D:6      | Reached skill level 5 in Fighting
  9885 | D:6      | Reached skill level 1 in Hexes
  9930 | D:6      | Learned a level 4 spell: Iskenderun's Mystic Blast
 10022 | D:6      | Reached skill level 1 in Translocations
 10965 | D:6      | Reached XP level 9. HP: 74/74 MP: 13/13
 11107 | D:6      | Reached skill level 1 in Spellcasting
 11490 | D:7      | Noticed Dowan
 11491 | D:7      | Noticed Duvessa
 11504 | D:7      | Killed Duvessa
 11505 | D:7      | Reached skill level 8 in Unarmed Combat
 11505 | D:7      | Reached skill level 1 in Conjurations
 11505 | D:7      | Killed Dowan
 12021 | D:7      | Found a runed translucent door.
 12022 | D:7      | Noticed Crazy Yiuf
 12611 | D:7      | Reached skill level 5 in Bows
 13137 | D:7      | Noticed Maggie
 13151 | D:7      | Killed Maggie
 13510 | D:7      | Identified the +2 leather armour of Fuduoshu {Will+}
 13607 | D:7      | Killed Crazy Yiuf
 14855 | D:8      | Found a staircase to the Lair.
 14948 | D:8      | Reached skill level 5 in Stealth
 14948 | D:8      | Reached XP level 10. HP: 71/83 MP: 17/17
 15279 | D:8      | Noticed Joseph
 15473 | D:8      | Noticed Grum
 15488 | D:8      | Killed Grum
 15649 | D:9      | Found a flagged portal.
 15655 | Bailey   | Entered a bailey
 15672 | Bailey   | Gained mutation: You tend to lose your temper in combat.
                  | [potion of mutation]
 15672 | Bailey   | Gained mutation: Your flesh is heat resistant. (rF+)
                  | [potion of mutation]
 15673 | Bailey   | Reached skill level 5 in Armour
 15673 | Bailey   | Reached XP level 11. HP: 7/91 MP: 17/20
 15679 | Bailey   | Reached skill level 5 in Spellcasting
 15679 | Bailey   | Reached skill level 5 in Conjurations
 15679 | Bailey   | Reached skill level 5 in Hexes
 15679 | Bailey   | Reached skill level 5 in Translocations
 15679 | Bailey   | Reached XP level 12. HP: 47/97 MP: 21/24
 15930 | Bailey   | Reached skill level 9 in Unarmed Combat
 16196 | Bailey   | Learned a level 4 spell: Fulminant Prism
 16564 | Bailey   | Identified the +7 flail of the Desert {venom, rPois rC+}
 17380 | D:8      | Killed Joseph
 17929 | D:8      | Lost mutation: You tend to lose your temper in combat.
                  | [potion of mutation]
 17929 | D:8      | Lost mutation: Your flesh is heat resistant. (rF+) [potion
                  | of mutation]
 17929 | D:8      | Gained mutation: You tend to lose your temper in combat.
                  | [potion of mutation]
 17929 | D:8      | Gained mutation: Your system is resistant to poisons.
                  | (rPois) [potion of mutation]
 17930 | D:8      | Lost mutation: Your system is resistant to poisons. (rPois)
                  | [potion of mutation]
 17930 | D:8      | Lost mutation: You tend to lose your temper in combat.
                  | [potion of mutation]
 17930 | D:8      | Gained mutation: You sometimes lose the ability to read
                  | scrolls when taking damage. [potion of mutation]
 17930 | D:8      | Gained mutation: Your spells are a little harder to cast,
                  | but a little more powerful. [potion of mutation]
 17930 | D:8      | Gained mutation: You passively dampen the noise of your
                  | surroundings. [potion of mutation]
 18212 | Lair:1   | Entered Level 1 of the Lair of Beasts
 19677 | Lair:1   | Learned a level 3 spell: Ignite Poison
 20401 | Lair:2   | Noticed Harold
 20880 | Lair:2   | Noticed Fannar
 20892 | Lair:2   | Killed from afar by Fannar

Illustrated notes

Levels and vault maps discovered:
D:1:      erik_arrival_cave_to_civilisation [erik_arrival_cave_to_hall],
          layout_basic, minmay_misc_feat_diagonals, item_on_display_a
D:2:      layout_rooms, basic_ecumenical_altar, serial_bayou_ford_a
D:3:      layout_basic, lemuel_doored_altar
D:4:      minmay_general_purpose_star, layout_basic,
          nicolae_overflow_crystal_walls, portal_sewer_entry_f,
          gammafunk_ghost_nasty_kobolds, uniq_menkaure
D:5:      layout_cave_pods, minmay_temple_entry_waves, minmay_manual_mail
D:6:      layout_gridville
D:7:      layout_loops_ring, kennysheep_mini, minmay_misc_feat_columns,
          hangedman_abyss_or_decor_stagger, kennysheep_another_room,
          uniq_maggie, uniq_duvessa, uniq_crazy_yiuf_cottage
D:8:      layout_cave_pools, nicolae_ru_great_annihilating_truth,
          minmay_lair_entry_grove, sigmund_army, uniq_joseph, uniq_grum
D:9:      layout_small_grid, lemuel_crystal_altar, grunt_temple_overflow_open,
          orc_0_dummy, enter_bailey_2, uniq_gastronok
Lair:1:   layout_cave_shapes
Lair:2:   layout_chaotic_city, elwin_shoals_entry_stream, wad_woods_river_01,
          grunt_megastairs_2, serial_bayou_shore_b, uniq_fannar, uniq_harold

Skill      XL: |  1  2  3  4  5  6  7  8  9 10 11 12 |
---------------+-------------------------------------+-----
Unarmed Combat | 3 4 5 6 7 8 9 |  9.3
Fighting       | 2 3 4 5 6 7 |  7.0
Bows           | 1 2 3 4 5 6 7 |  7.0
Armour         | 1 2 3 4 5 |  5.7
Stealth        | 3 5 6 |  6.7
Hexes          | 1 2 4 5 6 |  6.2
Translocations | 1 2 4 5 6 |  6.2
Spellcasting   | 2 4 5 |  5.7
Conjurations   | 2 4 5 6 |  6.1
Dodging        | 3 |  3.0
Throwing       | |  1.7
Transmutations | |  0.4
Fire Magic     | |  0.5
Poison Magic   | |  0.6

Action                   |  1- 3 |  4- 6 |  7- 9 | 10-12 || total
-------------------------+-------+-------+-------+-------++-------
Melee: Unarmed           |    68 |       |   115 |   172 ||   355
       Punch             |     2 |     7 |     6 |    18 ||    33
       Dagger            |    12 |   193 |    62 |       ||   267
       Quarterstaff      |    10 |       |    32 |    29 ||    71
       Whip              |       |       |       |     5 ||     5
 Fire: Hunting sling     |    82 |     7 |     6 |       ||    95
       Longbow           |       |       |   151 |   148 ||   299
 Cast: Fulminant Prism   |       |       |       |    14 ||    14
       Ignite Poison     |       |       |       |     1 ||     1
Evoke: Wand              |       |       |     2 |     2 ||     4
  Use: Scroll            |     4 |     3 |     4 |     5 ||    16
       Potion            |       |       |       |    10 ||    10
 Stab: Distracted        |       |     1 |     1 |       ||     2
       Sleeping          |       |       |       |     4 ||     4
Armor: Leather armour    |    24 |    43 |    53 |       ||   120
       Acid dragon scale |       |       |    30 |   103 ||   133
       Robe              |       |       |       |    10 ||    10
Dodge: Dodged            |    62 |    98 |   141 |   244 ||   545
